 Dungeon Crawl Stone Soup version 0.31-a0-165-g3f4f80340b (webtiles) character file.

Game seed: 12412620587159978162

459 qw the Shooter (level 7, -4/43 HPs)
             Began as a Gargoyle Hunter on June 13, 2023.
             Slain by Pikel
             ... wielding a +0 whip of freezing
              (7 damage)
             ... on level 5 of the Dungeon.
             The game lasted 00:01:44 (3901 turns).

qw the Shooter (Gargoyle Hunter)                    Turns: 3901, Time: 00:01:44

Health: -4/43      AC:  6    Str: 15    XL:     7   Next: 6%
Magic:  7/7        EV: 11    Int:  9    God:
Gold:   156        SH:  0    Dex: 15    Spells: 6/6 levels left

rFire   . . .        Y - +0 shortbow
rCold   . . .        (shield currently unavailable)
rNeg    + . .        j - +0 ring mail {rPois}
rPois   inf          (no helmet)
rElec   +            (no cloak)
rCorr   .            (no gloves)
SInv    .            (no boots)
Will    .....        (no amulet)
Stlth   +            (no ring)
HPRegen 0.27/turn    (no ring)
MPRegen 0.10/turn

%: no passive effects
@: corroded
A: sickness immunity, AC +4, negative energy resistance 1, electricity
resistance, torment resistance 1, petrification resistance
a: no special abilities


You were on level 5 of the Dungeon.
You visited 2 branches of the dungeon, and saw 6 of its levels.
You also visited: Sewer.

You collected 156 gold pieces.


Innate Abilities, Weirdness & Mutations

You are immune to sickness and miasma.
Your stone body is resilient. (AC +4)
You are immune to poison.
You resist negative energy. (rN+)
You are resistant to electric shocks. (rElec)
You are resistant to unholy torment.
You are immune to petrification.


   Skills:
 - Level 4.2 Fighting
 + Level 7.2 Ranged Weapons
 - Level 1.8 Armour
 - Level 1.5 Dodging
 - Level 1.1 Stealth


You had 6 spell levels left.
You didn't know any spells.
Your spell library was empty.

Inventory:

Hand Weapons
 Y - a +0 shortbow (weapon)
Armour
 j - a +0 ring mail of poison resistance (worn)
Scrolls
 a - a scroll of identify
Potions
 b - a potion of curing
 c - a potion of mutation
 e - 2 potions of attraction
 f - a potion of heal wounds {unknown}
 h - a potion of haste {unknown}
 k - a potion of might {unknown}

Dungeon Overview and Level Annotations

Branches:
Dungeon (5/15)             Temple (1/1) D:4           Sewer (visited)

Altars:
Ashenzari
Cheibriados
Elyvilon
Fedhas
Gozag
Kikubaaqudgha
Makhleb
Nemelex Xobeh
Ru
Vehumet
Wu Jian
Yredelemnul
Zin
The Shining One

Annotations:
D:5 Pikel


Message History

The lemure is lightly wounded.
You shoot an arrow.
The arrow hits the lemure but does no damage.
The lemure is lightly wounded.
The lemure closely misses you.
You shoot an arrow.
The arrow hits the lemure but does no damage.
The lemure is lightly wounded.
The lemure barely misses you.
You shoot an arrow. The arrow hits the lemure.
The lemure is lightly wounded.
The lemure hits you.
You shoot an arrow.
The arrow hits the lemure but does no damage.
The lemure is lightly wounded.
The lemure closely misses you.
You shoot an arrow.
The arrow hits Pikel but does no damage.
Pikel closely misses you.
You shoot an arrow. The arrow barely misses Pikel.
The arrow hits the lemure.
The lemure is moderately wounded.
Pikel zaps a wand.
The bolt of acid hits you! The acid corrodes you!
You shoot an arrow. The arrow barely misses Pikel.
The arrow hits the lemure but does no damage.
The lemure is lightly wounded.
Pikel hits you with a +0 whip of freezing.
Pikel freezes you.
You shoot an arrow. The arrow barely misses Pikel.
The arrow hits the lemure but does no damage.
The lemure is lightly wounded.
Pikel hits you with a +0 whip of freezing!
Pikel freezes you.
You shoot an arrow.
The arrow hits Pikel but does no damage.
Pikel hits you with a +0 whip of freezing.
Pikel freezes you.
You shoot an arrow.
The arrow hits Pikel but does no damage.
Pikel hits you with a +0 whip of freezing!
You die... ..........# .........# ........# ....... ..5.. 555

#K# #@#####
###.#...#######
+.............+
#####....######
#####....#
.........#
..####+#.#
#.....####
#........##


You could see Pikel and 4 lemures.

Vanquished Creatures
  Blork the orc (D:5)
  A bullfrog (Sewer)
  A hound (D:4)
  A jelly (D:4)
  Natasha (thrice) (D:3)
  5 adders
  A river rat (D:4)
  2 worms
  A dart slug (D:4)
  2 orcs (D:4)
  6 bats
  7 endoplasms
  13 giant cockroaches
  17 goblins
  5 hobgoblins
  3 jackals (D:2)
  8 kobolds
  12 quokkas
  13 ball pythons
  7 frilled lizards
  6 rats
115 creatures vanquished.

Notes
Turn   | Place    | Note
-------+----------+-------------------------------------------
     0 | D:1      | qw the Gargoyle Hunter began the quest for the Orb.
     0 | D:1      | Reached XP level 1. HP: 12/12 MP: 1/1
     0 | D:1      | 0 ||| qw: Version: 0.2-a-29-gc1b59c4
     0 | D:1      | 0 ||| qw: Game counter: 4737
     0 | D:1      | 0 ||| qw: Always use a shield: true
     0 | D:1      | 0 ||| qw: God list: Okawaru
     0 | D:1      | 0 ||| qw: Allow faded altars: false
     0 | D:1      | 0 ||| qw: Do Orc after D:15 true
     0 | D:1      | 0 ||| qw: Do second Lair branch before Depths: true
     0 | D:1      | 0 ||| qw: Lair rune preference: random
     0 | D:1      | 0 ||| qw: Plans: Normal, Zot:1-4, Slime:5, God:TSO, Crypt,
                  | Tomb, Abyss, Pan, Hells, Win
     0 | D:1      | 0 ||| PLANNING D:1-11
   126 | D:1      | Reached XP level 2. HP: 17/17 MP: 2/2
   356 | D:1      | Reached XP level 3. HP: 21/21 MP: 3/3
   394 | D:1      | Reached skill level 5 in Ranged Weapons
   521 | D:1      | 521 ||| READING 2 scrolls labelled SOTUX QUNYGHE.
   522 | D:1      | 522 ||| READING scroll labelled ASHEUG LEMI.
   523 | D:1      | 523 ||| DROPPING scroll of butterflies.
   637 | D:2      | Reached skill level 3 in Fighting
   725 | D:2      | Reached XP level 4. HP: 28/28 MP: 4/4
  1455 | D:2      | 1455 ||| UPGRADING to +0 ring mail of poison resistance.
  1465 | D:2      | 1465 ||| DROPPING +0 leather armour.
  1466 | D:2      | 1466 ||| READING scroll labelled OCLEKKINY KEOSCH.
  1467 | D:2      | 1467 ||| READING scroll labelled CIFUIKHLOARGH.
  1468 | D:2      | 1468 ||| READING scroll labelled ZAH QAPSETT.
  1472 | D:2      | 1472 ||| READING scroll labelled OLUZY MURGHOVOXT.
  1473 | D:2      | 1473 ||| DRINKING 2 glowing puce potions.
  1646 | D:3      | Noticed Natasha
  1655 | D:3      | Killed Natasha
  1656 | D:3      | Reached skill level 1 in Armour
  1853 | D:3      | Reached XP level 5. HP: 32/32 MP: 5/5
  1907 | D:3      | 1907 ||| FLEEEEING.
  1917 | D:3      | 1917 ||| FLEEEEING.
  1918 | D:3      | 1918 ||| FLEEEEING.
  1919 | D:3      | 1919 ||| FLEEEEING.
  1920 | D:3      | 1920 ||| FLEEEEING.
  1921 | D:3      | 1921 ||| FLEEEEING.
  1922 | D:3      | 1922 ||| FLEEEEING.
  1923 | D:3      | 1923 ||| FLEEEEING.
  1925 | D:3      | 1925 ||| STAIRDANCE
  1948 | D:2      | 1948 ||| DRINKING 2 amethyst potions.
  2015 | D:3      | Noticed Natasha
  2020 | D:3      | 2020 ||| Stepping ~*~*~tactically~*~*~ (outnumbered).
  2023 | D:3      | Killed Natasha
  2030 | D:3      | Noticed Natasha
  2040 | D:3      | Killed Natasha
  2239 | D:4      | 2239 ||| PLANNING SEWER
  2246 | D:4      | Reached skill level 6 in Ranged Weapons
  2411 | D:4      | Reached XP level 6. HP: 33/37 MP: 6/6
  2426 | D:4      | Found a staircase to the Ecumenical Temple.
  2837 | D:4      | 2837 ||| Stepping ~*~*~tactically~*~*~ (water).
  2839 | D:4      | 2839 ||| Stepping ~*~*~tactically~*~*~ (water).
  2856 | D:4      | 2856 ||| Stepping ~*~*~tactically~*~*~ (water).
  2864 | D:4      | Found a glowing drain.
  2865 | D:4      | 2865 ||| READING scroll labelled INTADE LU ZUO.
  2866 | D:4      | 2866 ||| READING 2 scrolls of identify.
  2866 | D:4      | 2866 ||| IDENTIFYING murky green potion
  2870 | Sewer    | Entered a sewer
  2961 | Sewer    | 2961 ||| Stepping ~*~*~tactically~*~*~ (water).
  3009 | Sewer    | 3009 ||| Stepping ~*~*~tactically~*~*~ (water).
  3318 | Sewer    | 3318 ||| READING 2 scrolls labelled YNONASSUISE.
  3319 | Sewer    | 3319 ||| READING scroll labelled GOIRPH FOIV.
  3320 | Sewer    | 3320 ||| DROPPING scroll of fear.
  3340 | D:4      | 3340 ||| PLANNING TEMPLE
  3466 | Temple   | Entered the Ecumenical Temple
  3587 | Temple   | 3587 ||| PLANNING D:1-11
  3740 | D:5      | Entered Level 5 of the Dungeon
  3756 | D:5      | Noticed Blork the orc
  3758 | D:5      | 3758 ||| FLEEEEING.
  3770 | D:5      | Killed Blork the orc
  3771 | D:5      | Reached skill level 7 in Ranged Weapons
  3771 | D:5      | Reached XP level 7. HP: 24/43 MP: 7/7
  3890 | D:5      | Noticed Pikel
  3899 | D:5      | HP: 8/43 [Pikel/+0 whip of freezing (3)]
  3900 | D:5      | HP: 3/43 [Pikel/+0 whip of freezing (1)]
  3901 | D:5      | Slain by Pikel

Levels and vault maps discovered:
D:1:      nagdon_arrival_double_spiral, layout_rooms, minmay_misc_feat_hallway
D:2:      layout_basic
D:3:      layout_loops_cross, chequers_serial_rivers_micro_d, dk_vineyard_3,
          uniq_natasha
D:4:      layout_loops_ring, minmay_temple_entry_ruins, gup_sewer_entry_spiral,
          minmay_box_of_dots
D:5:      layout_basic, gammafunk_temple_overflow_elements, hellmonk_no_cap,
          uniq_blork_the_orc, uniq_pikel, uniq_eustachio
Temple:   eino_narrow_crystal_temple

Skill      XL: |  1  2  3  4  5  6 |
---------------+-------------------+-----
Ranged Weapons | 5 6 7 |  7.2
Fighting       | 3 4 |  4.2
Armour         | 1 |  1.8
Dodging        | |  1.5
Stealth        | |  1.1

Action                     |  1- 3 |  4- 6 |  7- 9 || total
---------------------------+-------+-------+-------++-------
   Fire: Shortbow          |   106 |   307 |    11 ||   424
    Use: Scroll            |     2 |     8 |       ||    10
         Potion            |       |     2 |       ||     2
 Armour: Leather armour    |    21 |    12 |       ||    33
         Ring mail         |       |    80 |       ||    80
  Dodge: Dodged            |    21 |   105 |     4 ||   130

Table legend:
 A = Non-vault XP
 B = Vault XP
 C = Vault XP percentage of total XP
 D = Non-vault monster count
 E = Vault monster count
 F = Vault count percentage of total count
                 A         B        C        D         E       F
            +---------+---------+-------+---------+---------+-------
      Total |     336 |     320 |  48.8 |      81 |      34 |  29.6
            +---------+---------+-------+---------+---------+-------
        D:1 |      45 |       0 |   0.0 |      25 |       0 |   0.0
        D:2 |      59 |       0 |   0.0 |      18 |       0 |   0.0
        D:3 |     108 |      37 |  25.5 |      25 |       1 |   3.8
        D:4 |     124 |      58 |  31.9 |      13 |      12 |  48.0
        D:5 |       0 |      99 | 100.0 |       0 |       1 | 100.0
      Sewer |       0 |     126 | 100.0 |       0 |      20 | 100.0
            +---------+---------+-------+---------+---------+-------
